 Dungeon Crawl Stone Soup version 0.29.1-12-g30fa7ad0bf (webtiles) character file.

Game seed: 2759768231364563214

14 xian the Chopper (level 2, -1/29 HPs)
             Began as an Ogre Gladiator on Dec 22, 2022.
             Succumbed to an adder's poison
             ... on level 2 of the Dungeon.
             The game lasted 00:00:26 (145 turns).

xian the Chopper (Ogre Gladiator)                    Turns: 145, Time: 00:00:26

Health: -1/29      AC:  3    Str: 17    XL:     2   Next: 41%
Magic:  2/2        EV: 10    Int:  9    God:
Gold:   8          SH:  0    Dex: 10    Spells: 1/1 levels left

rFire   x . .      SeeInvis .   a - +0 war axe
rCold   + . .      Faith    .   (no shield)
rNeg    . . .      Spirit   .   b - +0 robe
rPois   .          Reflect  .   c - +0 hat
rElec   .          Harm     .   (no cloak)
rCorr   .          Rampage  .   (gloves unavailable)
Will    .....                   (boots unavailable)
Stlth   +.........              (no amulet)
HPRegen 0.09/turn               f - ring of ice
MPRegen 0.08/turn               (no ring)

@: lethally poisoned (-1 -> -10)
A: large, unfitting armour, tough skin 1
a: no special abilities


You were on level 2 of the Dungeon.
You visited 1 branch of the dungeon, and saw 2 of its levels.

You collected 8 gold pieces.

Inventory:

Hand Weapons
 a - a +0 war axe (weapon)
Missiles
 d - 3 throwing nets (quivered)
 e - a large rock
Armour
 b - a +0 robe (worn)
 c - a +0 hat (worn)
Jewellery
 f - a ring of ice (left hand)


   Skills:
 + Level 2.8 Fighting
 + Level 3.2 Axes
 + Level 2.1 Throwing
 + Level 3.0 Dodging


You had one spell level left.
You didn't know any spells.
Your spell library was empty.

Dungeon Overview and Level Annotations

Branches:
Dungeon (1/15)

Altars:


Innate Abilities, Weirdness & Mutations

You are too large for most types of armour.
You have tough skin. (AC +1)


Message History

You see here a rat corpse.
f - a ring of ice You feel more attuned to ice.
f - a ring of ice (left hand)
The adder hisses angrily.
Found an escape hatch in the ceiling.
The adder misses you. The adder closely misses you. The adder bites you.
You are poisoned.
The adder poisons you!
You closely miss the adder.
You feel sick. The adder closely misses you.
You barely miss the adder.
You feel sick. The adder bites you. The adder barely misses you.
You closely miss the adder.
You feel sick. The adder bites you.
You are more poisoned.
The adder poisons you! The adder bites you but does no damage.
You barely miss the adder.
You feel sick. The adder bites you but does no damage. The adder bites you.
You are more poisoned.
The adder poisons you!
You barely miss the adder.
You feel very sick. The adder bites you.
You completely miss the adder.
You feel sick. The adder misses you. The adder bites you but does no damage.
You slash the adder!
The adder is heavily wounded.
You feel sick. The adder bites you.
* * * LOW HITPOINT WARNING * * *
You are lethally poisoned!
The adder poisons you! The adder bites you.
* * * LOW HITPOINT WARNING * * *
You aren't carrying any potions.
You aren't carrying any potions.
You aren't carrying any scrolls.
Unknown command.
* * * LOW HITPOINT WARNING * * *
You feel sick. The adder barely misses you. The adder attacks as you move away!
The adder bites you but does no damage.
You die...

#.# #.# #.## #..#
#########.#
#........)#
#........†#######
#............?...
#......@..#######
#.........#
#.......S.#
#####..##.# ##.
#.# #. #.. #.
#... #. #.<..
#....


You could see an adder.

Vanquished Creatures
  An adder (D:2)
  A bat (D:2)
  A hobgoblin (D:2)
  A kobold (D:2)
  A rat (D:2)
5 creatures vanquished.

Notes
Turn   | Place    | Note
-------+----------+-------------------------------------------
     0 | D:1      | xian the Ogre Gladiator began the quest for the Orb.
     0 | D:1      | Reached XP level 1. HP: 22/22 MP: 1/1
     5 | D:1      | You fall into a shaft and drop 1 floor!
    11 | D:2      | Reached XP level 2. HP: 23/29 MP: 2/2
   144 | D:2      | HP: 1/29 [poisoned by an adder]
   145 | D:2      | Succumbed to an adder's poison

Illustrated notes

Levels and vault maps discovered:
D:1:      shiori_shiawase, layout_basic, shapermc_ecumenical_altar_pompeii
D:2:      wad_pebble_path, layout_rooms, uniq_jessica, uniq_sigmund

Skill      XL: |  1  2 |
---------------+-------+-----
Dodging        | 3 |  3.0
Fighting       | |  2.8
Axes           | |  3.2
Throwing       | |  2.1

Action                   || total
-------------------------++-------
Melee: War axe           ||    15
Armor: Robe              ||     4
Dodge: Dodged            ||    10
